 Dungeon Sprint DCSS version 0.28.0-43-g3370ac3207 (webtiles) character file.

Game seed: 3533887939393473815

609 smarlow the Fighter (level 7, -1/73 HPs)
             Began as a Minotaur Fighter on Mar 2, 2022.
             Was an Initiate of Okawaru.
             Slain by Sonja
             ... wielding a +0 dagger of distortion
              (6 damage)
             ... in the Dungeon (Sprint I: "Red Sonja").
             The game lasted 00:01:55 (295 turns).

smarlow the Fighter (Minotaur Fighter)               Turns: 295, Time: 00:01:56

Health: -1/73      AC:  8    Str: 22    XL:     7   Next: 19%
Magic:  6/6        EV:  9    Int:  5    God:    Okawaru [......]
Gold:   414        SH:  6    Dex: 10    Spells: 6/6 levels left

rFire   . . .      SeeInvis .   a - +0 war axe
rCold   . . .      Faith    .   c - +0 buckler
rNeg    . . .      Spirit   .   b - +0 scale mail
rPois   .          Reflect  .   (helmet restricted)
rElec   .          Harm     .   (no cloak)
rCorr   .          Rampage  .   (no gloves)
Will    .....      NoTele   +   (no boots)
Stlth   ..........              (no amulet)
HPRegen 0.22/turn               (no ring)
MPRegen 0.10/turn               (no ring)

@: on berserk cooldown, hasted and slowed
A: horns 2, retaliatory headbutt
a: Renounce Religion


You were in the Dungeon.
You worshipped Okawaru.
Okawaru was noncommittal.
You visited 1 branch You collected 414 gold pieces.

Inventory:

Hand Weapons
 a - a +0 war axe (weapon)
Armour
 b - a +0 scale mail (worn)
 c - a +0 buckler (worn)
Wands
 d - a wand of flame (23)
Scrolls
 j - a scroll of blinking
Potions
 e - a potion of curing
 f - a potion of heal wounds
 h - 2 potions of magic
 k - a potion of degeneration {unknown}


   Skills:
 + Level 10.6 Fighting
 + Level 8.2 Axes
 + Level 10.5 Armour
 + Level 0.5 Dodging
 + Level 10.2 Shields


You had 6 spell levels left.
You didn't know any spells.
Your spell library was empty.

Dungeon Overview and Level Annotations

Branches:
Dungeon (1/1)

Altars:
Cheibriados
Dithmenos
Elyvilon
Fedhas
Gozag
Hepliaklqana
Kikubaaqudgha
Makhleb
Nemelex Xobeh
Okawaru
Qazlal
Ru
Sif Muna
Trog
Uskayaw
Vehumet
Wu Jian
Xom
Yredelemnul
Zin
The Shining One
Jiyva
Lugonu

Shops:
D =

Annotations:
D Sonja


Innate Abilities, Weirdness & Mutations

You have a pair of horns on your head.
You reflexively headbutt those who attack you in melee.


Message History

There is an open door, spattered with blood here.
Sonja bows elegantly.
Sonja throws a curare-tipped dart.
You block the curare-tipped dart.
You feel your anger nearly subside.
You are no longer berserk.
You are exhausted.
You feel yourself slow down.
Sonja throws a curare-tipped dart.
The curare-tipped dart barely misses you.
There is an open door here.
Sonja casts a spell.
Sonja blinks!
You close the door.
Something unseen opens the door.
You close the door.
Something unseen opens the door.
You close the door.
Something unseen opens the door.
You close the door.
Something unseen opens the door.
You miss Sonja. You block Sonja's attack. Sonja closely misses you.
Sonja hits you with a +0 dagger of distortion.
Space warps around you!
Sonja hits you with a +0 dagger of distortion.
Space warps around you. Sonja hits you but does no damage.
Sonja closely misses you.
You slash Sonja!
Sonja is heavily wounded.
Sonja barely misses you. x2
Sonja hits you with a +0 dagger of distortion.
* * * LOW HITPOINT WARNING * * *
Space warps around you.
* * * LOW HITPOINT WARNING * * *
You block Sonja's attack. Sonja hits you but does no damage.
Space warps horribly around you.
* * * LOW HITPOINT WARNING * * *
Sonja hits you but does no damage. Space warps around you.
* * * LOW HITPOINT WARNING * * *
You block Sonja's attack. Sonja barely misses you.
Sonja hits you but does no damage. Space warps around you.
* * * LOW HITPOINT WARNING * * *
You feel yourself speed up.
Sonja hits you with a +0 dagger of distortion.
* * * LOW HITPOINT WARNING * * *
Space warps around you.
You die...

######################
#<.#..').#..'..#__#..+
#..').#..').#..'..'..#
#..#####'#####'#__####
#..####..#...#[####
#..#__####@.##K#
#..#_____##K#_.+
#⌠⌠#_.∩...'..._#
####_..__##_.#'#
#_____###'#.# #######
#.### +$.$+ #$.$#
##.##


You could see Sonja.

Vanquished Creatures
  A slime creature (D)
  Sigmund (D)
  A yak (D)
  An ogre (D)
  A jelly (D)
  Ijyb (D)
6 creatures vanquished.

Notes
Turn   | Place    | Note
-------+----------+-------------------------------------------
     0 | D        | smarlow the Minotaur Fighter began the quest for the Orb.
     0 | D        | Reached XP level 1. HP: 19/19 MP: 0/0
     2 | D        | Noticed Ijyb
     5 | D        | Killed Ijyb
     6 | D        | Reached skill level 5 in Fighting
     6 | D        | Reached skill level 5 in Armour
     6 | D        | Reached skill level 5 in Shields
     6 | D        | Reached XP level 2. HP: 29/29 MP: 1/1
    10 | D        | Noticed an ogre
    13 | D        | Killed an ogre
    14 | D        | Reached XP level 3. HP: 39/39 MP: 2/2
    14 | D        | Reached XP level 4. HP: 47/47 MP: 3/3
    16 | D        | Noticed Sigmund
    19 | D        | Killed Sigmund
    20 | D        | Reached skill level 5 in Axes
    20 | D        | Reached XP level 5. HP: 57/57 MP: 4/4
    26 | D        | Found a shimmering blue altar of Sif Muna.
    27 | D        | Found an ornate altar of the Wu Jian Council.
    28 | D        | Found a radiant altar of Vehumet.
    31 | D        | Reached XP level 6. HP: 50/63 MP: 5/5
    34 | D        | Found Ynena's Jewellery Emporium.
    34 | D        | Found an ancient bone altar of Kikubaaqudgha.
    34 | D        | Found a hazy altar of Hepliaklqana.
    34 | D        | Found a stormy altar of Qazlal.
    34 | D        | Found a hide-covered altar of Uskayaw.
    34 | D        | Found a blossoming altar of Fedhas.
    34 | D        | Found a bloodstained altar of Trog.
    34 | D        | Found an iron altar of Okawaru.
    34 | D        | Found a basalt altar of Yredelemnul.
    34 | D        | Found a glowing golden altar of the Shining One.
    34 | D        | Found a snail-covered altar of Cheibriados.
    34 | D        | Found a sacrificial altar of Ru.
    34 | D        | Found a glowing silver altar of Zin.
    34 | D        | Found a shadowy altar of Dithmenos.
    34 | D        | Found a white marble altar of Elyvilon.
    34 | D        | Noticed a yak
    41 | D        | Killed a yak
    42 | D        | Reached skill level 10 in Fighting
    42 | D        | Found an opulent altar of Gozag.
    43 | D        | Found a sparkling altar of Nemelex Xobeh.
    48 | D        | Became a worshipper of Warmaster Okawaru
   246 | D        | Found a viscous altar of Jiyva.
   246 | D        | Found a corrupted altar of Lugonu.
   246 | D        | Noticed a slime creature
   247 | D        | Found a burning altar of Makhleb.
   247 | D        | Found a shimmering altar of Xom.
   251 | D        | Killed a slime creature
   252 | D        | Reached skill level 10 in Armour
   252 | D        | Reached skill level 10 in Shields
   252 | D        | Reached XP level 7. HP: 73/73 MP: 6/6
   274 | D        | Noticed Sonja
   295 | D        | Slain by Sonja

Illustrated notes

Levels and vault maps discovered:
D:        dungeon_sprint_1 [red_sonja_temple_1, red_sonja_temple_small_1]

Skill      XL: |  1  2  3  4  5  6 |
---------------+-------------------+-----
Fighting       | 5 7 9 10 | 10.6
Axes           | 3 4 5 6 8 |  8.2
Armour         | 5 6 8 9 10 | 10.5
Shields        | 5 6 8 10 | 10.2
Dodging        | |  0.5

Action                   |  1- 3 |  4- 6 |  7- 9 || total
-------------------------+-------+-------+-------++-------
Melee: War axe           |     5 |    14 |     7 ||    26
       Headbutt          |       |     2 |       ||     2
  Use: Potion            |     1 |       |     2 ||     3
Armor: Scale mail        |       |       |     6 ||     6
Dodge: Dodged            |     4 |     7 |    12 ||    23
Block: Buckler           |     1 |     4 |     7 ||    12
